 Dungeon Crawl Stone Soup version 0.30.1-11-g7821555f0a (webtiles) character file.

Game seed: 13216545972702487624

1218 Martska the Fighter (level 8, -22/88 HPs)
             Began as an Ogre Gladiator on Dec 5, 2023.
             Was an Initiate of Okawaru.
             Annihilated by an ogre
             ... wielding a +0 giant spiked club
              (25 damage)
             ... on level 5 of the Dungeon.
             The game lasted 00:05:37 (5621 turns).

Martska the Fighter (Ogre Gladiator)                Turns: 5621, Time: 00:05:38

Health: -22/88     AC:  4    Str: 21    XL:     8   Next: 46%
Magic:  8/8        EV: 10    Int:  9    God:    Okawaru [......]
Gold:   241        SH:  0    Dex: 10    Spells: 7/7 levels left

rFire   x . .        r - +0 giant club
rCold   . . .        (shield currently unavailable)
rNeg    . . .        b - +0 robe
rPois   .            c - +0 hat
rElec   .            o - +0 cloak
rCorr   .            (gloves unavailable)
SInv    .            (boots unavailable)
Will    .....        (no amulet)
Stlth   +            (no ring)
HPRegen 0.34/turn    (no ring)
MPRegen 0.11/turn

%: no passive effects
@: no status effects
A: large, unfitting armour, tough skin 1, heat vulnerability 1
a: Renounce Religion


You were on level 5 of the Dungeon.
You worshipped Okawaru.
Okawaru was noncommittal.
You visited 2 branches of the dungeon, and saw 6 of its levels.

You collected 241 gold pieces.

Inventory:

Hand Weapons
 a - a +0 flail
 r - a +0 giant club (weapon)
Missiles
 d - 3 throwing nets (quivered)
 e - a large rock
Armour
 b - a +0 robe (worn)
 c - a +0 hat (worn)
 o - a +0 cloak (worn)
Jewellery
 u - a ring of ice
Scrolls
 f - a scroll of vulnerability {unknown}
 g - 3 scrolls of teleportation
 h - 8 scrolls of identify {unknown}
 i - 2 scrolls of torment {unknown}
 l - a scroll of magic mapping {unknown}
 m - a scroll of amnesia {unknown}
 n - a scroll of fear {unknown}
 t - a scroll of enchant weapon {unknown}
 v - a scroll of silence {unknown}
Potions
 j - a potion of heal wounds {unknown}
 k - a potion of flight {unknown}
 p - 2 potions of lignification {unknown}
 q - a potion of brilliance {unknown}
 s - 3 potions of curing


   Skills:
 + Level 8.2 Fighting
 * Level 7.1 Maces & Flails
 - Level 2.0 Throwing
 - Level 4.0 Dodging


You had 7 spell levels left.
You didn't know any spells.
Your spell library was empty.

Dungeon Overview and Level Annotations

Branches:
Dungeon (5/15)             Temple (1/1) D:5

Altars:
Ashenzari
Cheibriados
Dithmenos
Elyvilon
Fedhas
Gozag
Hepliaklqana
Makhleb
Nemelex Xobeh
Okawaru
Qazlal
Ru
Trog
Uskayaw
Vehumet
Yredelemnul
Zin

Shops:
D:4 [=

Annotations:
D:4 2 runed translucent doors


Innate Abilities, Weirdness & Mutations

You are too large for most types of armour.
You have tough skin. (AC +1)
You are vulnerable to heat. (rF-)


Message History

You now have 241 gold pieces (gained 14).
There is an open door, spattered with blood here.
You open the door.
An orc and an ogre come into view.
The orc shouts!
Found 6 stones.
There are monsters nearby!
There are monsters nearby!
The ogre shouts!
There is an open door here.
You hit the orc.
The orc is severely wounded.
The orc hits you with a +0 hand axe. The orc barely misses you.
The ogre misses you.
You closely miss the orc.
The orc is severely wounded.
The orc hits you with a +0 hand axe.
You barely miss the orc.
The orc is severely wounded.
The ogre hits you with a +0 giant spiked club!!
The orc completely misses you.
You barely miss the orc.
The orc is severely wounded.
The orc hits you with a +0 hand axe. The ogre barely misses you.
You barely miss the orc.
The orc is severely wounded.
The orc hits you but does no damage.
The ogre hits you with a +0 giant spiked club!!
The orc closely misses you.
You barely miss the orc.
The orc is severely wounded.
The ogre hits you with a +0 giant spiked club!!
* * * LOW HITPOINT WARNING * * *
The orc hits you with a +0 hand axe.
* * * LOW HITPOINT WARNING * * *
You sock the orc!
You kill the orc!
Okawaru accepts your kill.
The ogre hits you with a +0 giant spiked club!!
You die...

.... #+###.## #..#'
.....#......# #....
.....#......#### #.... .
..............# #....
..####.....####.####...
####.#(.##...##..#...##... #+
#....#...##.##...#...#....
..##....##.O.#.#)..##...#....
.........##)@#.#')##....#....
..........###...###.....#....
..............8.........#....
. ##......###...###.....###..
..##.....## +#.#'.##..#+###..
........## #.#...##....#...
........# ##.##...#....#...
..##....# ##...##..#....#...
. ##....####.....####....#...


You could see an ogre.

Vanquished Creatures
  Sigmund (D:2)
  2 black bears (D:5)
  2 ogres
  A phantom (D:5)
  4 scorpions
  A jelly (D:5)
  2 orc priests
  2 hounds
  Robin (D:4)
  4 gnolls (D:5)
  9 adders
  A white imp (D:5)
  An ufetubus (D:4)
  A dart slug (D:2)
  6 orcs
  4 endoplasms
  3 giant cockroaches
  9 hobgoblins
  6 kobolds
  2 quokkas
  7 ball pythons
  9 bats
  5 frilled lizards
  16 goblins
  2 rats
101 creatures vanquished.

Notes
Turn   | Place    | Note
-------+----------+-------------------------------------------
     0 | D:1      | Martska the Ogre Gladiator began the quest for the Orb.
     0 | D:1      | Reached XP level 1. HP: 22/22 MP: 1/1
    57 | D:1      | Reached skill level 3 in Fighting
    64 | D:1      | Reached XP level 2. HP: 18/31 MP: 2/2
   904 | D:2      | Reached XP level 3. HP: 26/39 MP: 3/3
  1318 | D:2      | Reached skill level 4 in Fighting
  1318 | D:2      | Reached XP level 4. HP: 32/48 MP: 4/4
  1489 | D:2      | Noticed Sigmund
  1493 | D:2      | Gained mutation: You are vulnerable to heat. (rF-) [potion
                  | of mutation]
  1505 | D:2      | Killed Sigmund
  1506 | D:2      | Reached skill level 5 in Fighting
  1506 | D:2      | Reached XP level 5. HP: 17/57 MP: 5/5
  1724 | D:2      | Reached XP level 6. HP: 66/66 MP: 6/6
  2895 | D:4      | Noticed Robin
  2922 | D:4      | Killed Robin
  2923 | D:4      | Reached skill level 6 in Fighting
  3350 | D:4      | Found Liutuem's Jewellery Emporium.
  3437 | D:4      | Found a large runed translucent door.
  3437 | D:4      | Found a large runed translucent door.
  3531 | D:4      | Found Bupnan's Antique Armour Shop.
  3706 | D:4      | Reached skill level 5 in Maces & Flails
  3706 | D:4      | Reached XP level 7. HP: 25/76 MP: 7/7
  4353 | D:5      | Entered Level 5 of the Dungeon
  4354 | D:5      | Found a staircase to the Ecumenical Temple.
  4364 | D:5      | Reached skill level 7 in Fighting
  4538 | Temple   | Entered the Ecumenical Temple
  4600 | Temple   | Became a worshipper of Warmaster Okawaru
  4763 | D:5      | Reached XP level 8. HP: 87/87 MP: 8/8
  5189 | D:4      | Reached skill level 8 in Fighting
  5620 | D:5      | HP: 2/88 [orc/+0 hand axe (4)]
  5621 | D:5      | Annihilated by an ogre

Illustrated notes

Levels and vault maps discovered:
D:1:      minmay_arrival_three_doors, layout_basic, serial_glass,
          glass_columns_b, glass_columns_c
D:2:      layout_basic, uniq_sigmund
D:3:      layout_basic
D:4:      layout_loops_cross, jmf_multi_god_temple2, serial_shops,
          nicolae_shop_just_a_little_nook, nicolae_shop_gaudy_bauble, uniq_robin
D:5:      cheibrodos_barr_body, layout_gridville,
          minmay_temple_entry_gardened_gates
Temple:   nicolae_temple_two_arcs

Skill      XL: |  1  2  3  4  5  6  7  8 |
---------------+-------------------------+-----
Fighting       | 3 4 5 6 7 8 |  8.2
Maces & Flails | 3 4 5 6 7 |  7.1
Dodging        | 3 4 |  4.0
Throwing       | |  2.0

Action                     |  1- 3 |  4- 6 |  7- 9 || total
---------------------------+-------+-------+-------++-------
  Melee: Flail             |    86 |   126 |     1 ||   213
         Giant club        |       |       |    83 ||    83
    Use: Potion            |       |     3 |       ||     3
         Scroll            |       |       |     1 ||     1
   Stab: Sleeping          |       |     1 |       ||     1
 Armour: Robe              |    31 |    40 |    28 ||    99
  Dodge: Dodged            |    58 |    67 |    59 ||   184
